[ AOE2 MATCH · #471678277 ]
UnrankedShu vs Bengalis
[ REPLAY ANALYSIS · EXTRACTED FROM THE RECORDED GAME ]
Feudal
—
Castle
—
Imperial
—
| APM avg | 66.0 |
| APM peak | 16 |
| eAPM avg | 45.4 |
| Villagers / military | 3 / 0 |
Focus
⚔️ 0.0% · 🌾 100.0%
Feudal
—
Castle
—
Imperial
—
| APM avg | 94.8 |
| APM peak | 23 |
| eAPM avg | 37.1 |
| Villagers / military | 3 / 0 |
Focus
⚔️ 28.6% · 🌾 71.4%
Feudal
—
Castle
—
Imperial
—
| APM avg | 70.1 |
| APM peak | 17 |
| eAPM avg | 33.0 |
| Villagers / military | 0 / 0 |
Focus
⚔️ 0.0% · 🌾 100.0%
Feudal
—
Castle
—
Imperial
—
| APM avg | 28.9 |
| APM peak | 7 |
| eAPM avg | 28.9 |
| Villagers / military | 0 / 0 |
Feudal
—
Castle
—
Imperial
—
| APM avg | 16.5 |
| APM peak | 4 |
| eAPM avg | 16.5 |
| Villagers / military | 0 / 0 |
Feudal
—
Castle
—
Imperial
—
| APM avg | 37.1 |
| APM peak | 9 |
| eAPM avg | 33.0 |
| Villagers / military | 3 / 0 |
Focus
⚔️ 0.0% · 🌾 100.0%
Feudal
—
Castle
—
Imperial
—
| APM avg | 66.0 |
| APM peak | 16 |
| eAPM avg | 37.1 |
| Villagers / military | 4 / 0 |
Focus
⚔️ 0.0% · 🌾 100.0%
Feudal
—
Castle
—
Imperial
—
| APM avg | 28.9 |
| APM peak | 7 |
| eAPM avg | 28.9 |
| Villagers / military | 0 / 0 |
Match map
Initial resources + every placement click. Lines = walls · curves = elevation contours. ◆ gold · ⬟ stone · ● berries · ✦ relic · ◌ wall gap
Your base
Somero's base
SleepySwede's base
Sensar's base
Mununez's base
Ganji's base
Worst_AoE_Player's base
NoLo's base
Smoothed initial terrain · ◌ = detected wall gap · hover for details
Inputs per minute
— PUB | Fanjita - - Somero
Build order — PUB | Fanjita
5 actions detected in the replay
| 0:00 | Create | Villager (Male) |
| 0:01 | Create | Villager (Male) |
| 0:02 | Build | House |
| 0:03 | Build | House |
| 0:06 | Create | Villager (Male) |
Build order — Somero
5 actions detected in the replay
| 0:01 | Create | Villager (Male) |
| 0:01 | Create | Villager (Male) |
| 0:01 | Create | Villager (Male) |
| 0:02 | Build | House |
| 0:03 | Build | House |
Build order — SleepySwede
1 actions detected in the replay
| 0:04 | Research | Loom |
Build order — Sensar
0 actions detected in the replay
Build order — Mununez
0 actions detected in the replay
Build order — Ganji
5 actions detected in the replay
| 0:00 | Create | Villager (Male) |
| 0:01 | Create | Villager (Male) |
| 0:01 | Create | Villager (Male) |
| 0:02 | Build | House |
| 0:03 | Build | House |
Build order — Worst_AoE_Player
6 actions detected in the replay
| 0:01 | Create | Villager (Male) |
| 0:01 | Create | Villager (Male) |
| 0:02 | Build | House |
| 0:03 | Build | House |
| 0:13 | Create | Villager (Male) |
| 0:13 | Create | Villager (Male) |
Build order — NoLo
0 actions detected in the replay
Match timeline
| 0:06 | Mununez · resign |
[ AI ANALYSIS · 1 CREDIT ]
What really happened in this match?
Wolo.gg analyzes every decision: build order, eco, micro, common mistakes by bracket. Personalized analysis on WhatsApp or Discord in 30 seconds.
Civ guide
Shu
Perfil
Fanjita